 Dungeon Crawl Stone Soup version 0.26-a0-27-g1f0226971c (webtiles) character file.

Game seed: 13708839923809124516, levelgen mode: deterministic

10178 Lugonue the Whirler (level 11, 0/115 HPs)
             Began as a Halfling Hunter on May 27, 2020.
             Succumbed to a green ugly thing's poison
             ... on level 13 of the Dungeon.
             The game lasted 00:22:07 (11948 turns).

Lugonue the Whirler (Halfling Hunter)              Turns: 11948, Time: 00:22:07

Health: 0/115      AC:  8    Str: 16    XL:     11   Next: 88%
Magic:  11/11      EV: 20    Int: 13    God:
Gold:   1120       SH:  0    Dex: 16    Spells: 10/10 levels left

rFire    + + +     SeeInvis +   a - +2 rapier "Doene" {drain, rF+ rN+}
rCold    + . .     Gourm    .   (shield restricted)
rNeg     + . .     Faith    .   e - +1 leather armour of the Other Side {rF++ MR++ Int+2}
rPois    +         Spirit   .   G - +0 helmet
rElec    +         Reflect  .   (no cloak)
rCorr    +         Harm     .   g - +0 pair of gloves
MR       ++...                  w - +0 pair of boots
Stlth    ..........             (no amulet)
HPRegen  0.29/turn              y - ring of resist corrosion
MPRegen  0.12/turn              q - ring of see invisible

@: mighty, berserking (expiring), lethally poisoned (0 -> -8), resistant, very
quick
A: small, fangs 1, clever 1, mutation resistance 1
a: no special abilities


You were on level 13 of the Dungeon.
You were not hungry.

You visited 3 branches of the dungeon, and saw 13 of its levels.
You also visited: Bailey.

You collected 1120 gold pieces.

Inventory:

Hand Weapons
 a - the +2 rapier "Doene" (weapon) {drain, rF+ rN+}
   (You found it on level 8 of the Dungeon)

   A truly terrible weapon, it drains the life of those it strikes.
   It protects you from fire.
   It protects you from negative energy.
 b - a +1 hunting sling of venom
 j - a +0 short sword
 F - a +2 rapier of speed
Missiles
 i - 278 stones (quivered)
 p - 9 throwing nets
Armour
 e - the +1 leather armour of the Other Side (worn) {rF++ MR++ Int+2}
   (You found it on level 1 of the Lair of Beasts)

   It affects your intelligence (+2).
   It greatly protects you from fire.
   It affects your resistance to hostile enchantments.
 g - a +0 pair of gloves (worn)
 w - a +0 pair of boots (worn)
 G - a +0 helmet (worn)
Jewellery
 q - a ring of see invisible (right hand)
 s - an uncursed ring of protection from fire
 y - a ring of resist corrosion (left hand)
 C - an uncursed ring of protection from fire
Wands
 d - a wand of enslavement (10)
 v - a wand of digging (5)
 z - a wand of random effects (28)
 D - a wand of disintegration (15)
Scrolls
 c - a scroll of blinking
 k - 2 scrolls of amnesia
 m - a scroll of random uselessness {unknown}
 o - a scroll of enchant armour
 x - 4 scrolls of fog
 E - a scroll of remove curse
Potions
 l - a potion of magic
 r - 2 potions of might
 u - a potion of berserk rage
Comestibles
 f - 14 rations


   Skills:
 + Level 8.2 Fighting
 + Level 9.4 Short Blades
 + Level 15.1 Slings
 + Level 5.0 Armour
 * Level 8.0 Dodging
 + Level 1.9 Stealth


You had 10 spell levels left.
You didn't know any spells.
Your spell library contained the following spells:

 Spells                   Type           Power        Failure   Level  Hunger
 Corona                   Hex            #......      36%         1    ##.....
 Ensorcelled Hibernation  Hex/Ice        #.....       50%         2    ###....
 Confusing Touch          Hex            #.......     73%         3    ####...
 Dazzling Flash           Conj/Hex       #.....       73%         3    ####...
 Tukima's Dance           Hex            #.......     73%         3    ####...


Dungeon Overview and Level Annotations

Branches:
Dungeon (13/15)            Temple (1/1) D:7            Lair (1/6) D:9
    Orc (0/2) D:11         Bailey (visited)
 Vaults: D:13-14

Altars:
Ashenzari
Cheibriados
Dithmenos
Elyvilon
Fedhas
Gozag
Hepliaklqana
Kikubaaqudgha
Makhleb
Nemelex Xobeh
Okawaru
Qazlal
Ru
Sif Muna
Trog
Uskayaw
Vehumet
Wu Jian
Xom
Yredelemnul
The Shining One

Annotations:
D:9 exclusion: obsidian statue


Innate Abilities, Weirdness & Mutations

You are small and have problems with some larger weapons.
You are somewhat resistant to further mutation.
You have very sharp teeth.
Your mind is acute. (Int +2)


Message History

You puncture the centaur warrior zombie!
The centaur warrior zombie is almost destroyed.
* * * LOW HITPOINT WARNING * * *
You feel sick. The hound misses you.
You puncture the centaur warrior zombie!
You destroy the centaur warrior zombie!
Your Dodging skill increases to level 8!
* * * LOW HITPOINT WARNING * * *
You feel sick. The hound closely misses you.
You miss the hound.
* * * LOW HITPOINT WARNING * * *
You feel sick. The hound closely misses you.
You barely miss the hound. You miss the hound.
* * * LOW HITPOINT WARNING * * *
You feel sick. The hound bites you.
* * * LOW HITPOINT WARNING * * *
You puncture the hound!
The hound is heavily wounded.
You die...

#......≈≈≈≈≈≈≈
#.##.###≈≈≈≈≈≈
#.##....#≈≈≈≈≈
###.##.....#....
#%.........# ...
#%#........# ..
#.####u...≈# .
#h# #.#.≈≈≈. #@#
#.#≈≈≈≈≈.
#......≈≈≈≈≈≈.
....####≈≈≈≈≈.
.....'. ≈≈#
......##.
........ ..
#......!.. #
#.[.....###


You could see a hound.

Vanquished Creatures
  An unseen horror (D:11)
  An ugly thing (D:13)
  A cyclops (D:12)
  A manticore (D:11)
  Maurice (D:10)
  A centaur skeleton (D:11)
  A centaur zombie (D:13)
  2 trolls
  2 hornets
  5 hippogriffs
  4 blink frogs (Lair:1)
  A wyvern (D:12)
  A basilisk (Lair:1)
  Menkaure (D:7)
  A soldier ant (D:12)
  2 water moccasins (Lair:1)
  5 porcupines (Lair:1)
  A black bear (Lair:1)
  2 ice beasts
  An orc warrior (D:7)
  2 necrophages
  2 phantoms
  3 ogres (D:6)
  3 centaurs
  2 crocodiles (Lair:1)
  8 gnoll sergeants (Bailey)
  5 bullfrogs
  2 scorpions
  5 killer bees (D:8)
  A howler monkey (D:12)
  3 bullfrog zombies
  7 hounds
  3 jellies (D:9)
  An orc priest (D:11)
  6 gnoll shamans (Bailey)
  6 orc wizards
  3 iguanas
  7 worker ants
  A killer bee zombie (D:8)
  2 hound skeletons
  15 gnolls
  4 adders
  5 shadow imps
  5 oozes (D:9)
  A dart slug (D:1)
  5 leopard geckos
  14 orcs
  A ball python (D:3)
  3 bats
  A giant cockroach (D:6)
  10 goblins
  3 hobgoblins (D:1)
  7 jackals
  3 kobolds (D:1)
  3 quokkas
  A frilled lizard (D:1)
  6 rats
194 creatures vanquished.

Vanquished Creatures (others)
  3 fungi (Lair:1)
  A plant (Lair:1)
4 creatures vanquished.

Grand Total: 198 creatures vanquished

Notes
Turn   | Place    | Note
-------+----------+-------------------------------------------
     0 | D:1      | Lugonue the Halfling Hunter began the quest for the Orb.
     0 | D:1      | Reached XP level 1. HP: 14/14 MP: 1/1
   136 | D:1      | Reached skill level 6 in Slings
   188 | D:1      | Reached XP level 2. HP: 19/19 MP: 2/2
   311 | D:1      | Reached XP level 3. HP: 24/24 MP: 3/3
   588 | D:1      | Reached skill level 7 in Slings
  1655 | D:3      | Reached XP level 4. HP: 29/29 MP: 4/4
  1714 | D:3      | Found a faded altar of an unknown god.
  1832 | D:3      | You fall into a shaft and drop 3 floors!
  1888 | D:6      | Noticed an ogre
  1891 | D:6      | Noticed an ogre
  1894 | D:6      | Killed an ogre
  1894 | D:6      | Reached skill level 8 in Slings
  1894 | D:6      | Reached skill level 1 in Armour
  1894 | D:6      | Reached XP level 5. HP: 35/35 MP: 5/5
  1899 | D:6      | Killed an ogre
  1899 | D:6      | Reached skill level 9 in Slings
  1899 | D:6      | Reached XP level 6. HP: 41/41 MP: 6/6
  1917 | D:6      | Noticed an ogre
  1934 | D:6      | Killed an ogre
  2008 | D:6      | Reached skill level 10 in Slings
  2008 | D:6      | Reached XP level 7. HP: 32/46 MP: 7/7
  2596 | D:6      | Reached skill level 11 in Slings
  2806 | D:7      | Noticed a hippogriff
  2822 | D:7      | Killed a hippogriff
  2822 | D:7      | Reached XP level 8. HP: 28/54 MP: 8/8
  3075 | D:7      | Found a staircase to the Ecumenical Temple.
  3314 | D:7      | Found a bloodstained altar of Trog.
  3328 | D:7      | Reached skill level 12 in Slings
  3758 | D:7      | Noticed Menkaure
  3765 | D:7      | Killed Menkaure
  3977 | D:7      | Noticed a hippogriff
  3992 | D:7      | Killed a hippogriff
  3992 | D:7      | Reached skill level 13 in Slings
  3992 | D:7      | Reached XP level 9. HP: 37/59 MP: 9/9
  4184 | D:8      | Got a sapphire rapier
  4185 | D:8      | Identified the +2 rapier "Doene" {drain, rF+ rN+} (You
                  | found it on level 8 of the Dungeon)
  4477 | D:8      | Reached skill level 5 in Fighting
  4477 | D:8      | Reached skill level 1 in Short Blades
  5009 | D:9      | Found a staircase to the Lair.
  5090 | D:9      | Found an iron altar of Okawaru.
  5092 | D:9      | Found a burning altar of Makhleb.
  5229 | D:9      | Noticed a hornet
  5238 | D:9      | Killed a hornet
  5261 | D:9      | Noticed a troll
  5274 | D:9      | Killed a troll
  5354 | D:9      | Noticed an obsidian statue
  5383 | D:9      | Found a white marble altar of Elyvilon.
  5736 | Lair:1   | Entered Level 1 of the Lair of Beasts
  5792 | Lair:1   | Reached skill level 5 in Short Blades
  5792 | Lair:1   | Reached XP level 10. HP: 68/68 MP: 10/10
  6085 | Lair:1   | Reached skill level 5 in Dodging
  6090 | Lair:1   | Reached skill level 14 in Slings
  6442 | Lair:1   | Noticed a spiny frog
  6932 | Lair:1   | Got a scorched leather armour
  6943 | Lair:1   | Identified the +1 leather armour of the Other Side {rF++
                  | MR++ Int+2} (You found it on level 1 of the Lair of Beasts)
  7356 | Temple   | Entered the Ecumenical Temple
  7815 | D:10     | Entered Level 10 of the Dungeon
  7873 | D:10     | Paralysed by a hornet for 2 turns
  8220 | D:10     | Noticed Maurice
  8234 | D:10     | Killed Maurice
  8234 | D:10     | Reached XP level 11. HP: 68/73 MP: 11/11
  9283 | D:11     | Noticed a manticore
  9334 | D:11     | Found a flagged portal.
  9365 | Bailey   | Entered a bailey
 10831 | D:11     | Found a staircase to the Orcish Mines.
 11165 | D:11     | Noticed an unseen horror
 11174 | D:11     | Killed an unseen horror
 11371 | D:11     | Killed a manticore
 11611 | D:11     | Found an ornate altar of the Wu Jian Council.
 11794 | D:12     | Noticed a cyclops
 11812 | D:12     | Killed a cyclops
 11828 | D:12     | Reached skill level 15 in Slings
 11844 | D:12     | Noticed a brown ugly thing
 11914 | D:13     | Noticed a green ugly thing
 11932 | D:13     | Killed a green ugly thing
 11932 | D:13     | Reached skill level 5 in Armour
 11937 | D:13     | Gained mutation: Your mind is acute. (Int +2) [potion of
                  | mutation]
 11937 | D:13     | Gained mutation: You have very sharp teeth. [potion of
                  | mutation]
 11942 | D:13     | HP: 5/115 [poisoned by a green ugly thing]
 11947 | D:13     | HP: 3/115 [poisoned by a green ugly thing]
 11947 | D:13     | HP: 1/115 [hound (2)]
 11948 | D:13     | Succumbed to a green ugly thing's poison

Illustrated notes

Levels and vault maps discovered:
D:1:      wander_arrival_chamber, layout_basic, minmay_small_reverse_x
D:2:      layout_loops_corners
D:3:      layout_loops_cross, zin_statuary, chequers_ecumenical_altar_simple
D:6:      layout_rooms
D:7:      layout_basic, minmay_temple_entry_poolview, trog_butcher_becter,
          uniq_menkaure
D:8:      layout_basic
D:9:      layout_roguey, nicolae_overflow_hidden_temple, dpeg_oklobed_lair,
          hangedman_little_slice_of_home, minmay_protected_statue
D:10:     layout_long_grid, kennysheep_generic_room_13, uniq_maurice
D:11:     layout_cave_pods, orc_0_dummy, enter_bailey_7, basic_altar
D:12:     layout_rooms, serial_shops, shop, nicolae_water_bricks
D:13:     layout_basic, portal_ice_cave_entry_pillars_2
Temple:   hc_temple_tempest_star
Lair:1:   layout_roguey, chequers_serial_rivers_micro_e, grunt_megastairs_1

Skill      XL: |  1  2  3  4  5  6  7  8  9 10 11 |
---------------+----------------------------------+-----
Slings         | 6 7 8 9 10 11 13 14 15 | 15.1
Fighting       | 2 3 4 5 6 8 |  8.2
Armour         | 1 2 3 4 5 |  5.0
Dodging        | 3 4 6 8 |  8.0
Short Blades   | 5 8 9 |  9.4
Stealth        | |  1.9

Action                   |  1- 3 |  4- 6 |  7- 9 | 10-12 || total
-------------------------+-------+-------+-------+-------++-------
Melee: Rapier            |       |       |   120 |   190 ||   310
       Bite              |       |       |       |     2 ||     2
 Fire: Hunting sling     |    49 |    70 |   222 |   403 ||   744
Evoke: Wand              |       |       |     4 |    16 ||    20
  Use: Scroll            |       |     6 |     1 |    14 ||    21
       Potion            |       |       |     5 |     9 ||    14
 Stab: Sleeping          |       |       |     1 |       ||     1
  Eat: Chunk             |     1 |     2 |     8 |    15 ||    26
       Ration            |       |       |     1 |     1 ||     2
Armor: Leather armour    |     1 |     4 |    27 |    45 ||    77
Dodge: Dodged            |     2 |    17 |   160 |   290 ||   469

Table legend:
 A = Non-vault XP
 B = Vault XP
 C = Vault XP percentage of total XP
 D = Non-vault monster count
 E = Vault monster count
 F = Vault count percentage of total count
                 A         B        C        D         E       F
            +---------+---------+-------+---------+---------+-------
      Total |   11624 |    2917 |  20.1 |     139 |      55 |  28.4
            +---------+---------+-------+---------+---------+-------
        D:1 |      27 |      10 |  27.0 |      15 |       4 |  21.1
        D:2 |      18 |       0 |   0.0 |       3 |       0 |   0.0
        D:3 |      52 |       0 |   0.0 |      15 |       0 |   0.0
        D:6 |     828 |       0 |   0.0 |      13 |       0 |   0.0
        D:7 |     839 |     418 |  33.3 |      12 |       5 |  29.4
        D:8 |     390 |       0 |   0.0 |      11 |       0 |   0.0
        D:9 |    1020 |     163 |  13.8 |      14 |       8 |  36.4
       D:10 |     950 |     787 |  45.3 |       9 |       2 |  18.2
       D:11 |    2604 |      21 |   0.8 |      21 |       4 |  16.0
       D:12 |    1156 |       0 |   0.0 |       8 |       0 |   0.0
       D:13 |     998 |       0 |   0.0 |       2 |       0 |   0.0
     Lair:1 |    2742 |     294 |   9.7 |      16 |       2 |  11.1
     Bailey |       0 |    1224 | 100.0 |       0 |      30 | 100.0
            +---------+---------+-------+---------+---------+-------
